 Dungeon Crawl Stone Soup version 0.22.1-2-g9c5b331383 (webtiles) character file.

248 Knicklaso the Magician (level 5, 0/38 HPs)
             Began as a Demonspawn Wizard on Nov 25, 2018.
             Was an Initiate of Dithmenos.
             Killed from afar by an orc wizard (9 damage)
             ... with a puff of flame
             ... on level 4 of the Dungeon.
             The game lasted 00:11:11 (4670 turns).

Knicklaso the Magician (Demonspawn Wizard)          Turns: 4670, Time: 00:11:11

Health: 0/38       AC:  3    Str:  7    XL:     5   Next: 86%
Magic:  0/10       EV: 12    Int: 20    God:    Dithmenos [......]
Gold:   134        SH:  4    Dex: 12    Spells: 5/11 levels left

rFire    . . .     SeeInvis .   r - +1 short sword (speed)
rCold    . . .     Gourm    .   (no shield)
rNeg     . . .     Faith    .   a - +0 robe
rPois    .         Spirit   +   b - +0 hat
rElec    .         Reflect  .   (no cloak)
rCorr    .         Harm     .   l - +0 pair of gloves
MR       .....                  (no boots)
Stlth    ++........             (no amulet)
HPRegen  0.12/turn              (no ring)
MPRegen  0.24/turn              (no ring)

@: no status effects
A: antennae 1, large bone plates 1, magic shield, magic regeneration
a: Renounce Religion


You were on level 4 of the Dungeon.
You worshipped Dithmenos.
Dithmenos was noncommittal.
You were not hungry.

You visited 1 branch of the dungeon, and saw 4 of its levels.

You collected 134 gold pieces.

Inventory:

Hand Weapons
 r - a +1 short sword of speed (weapon)
Armour
 a - a +0 robe (worn)
 b - a +0 hat (worn)
 h - a cursed +0 leather armour
 l - a +0 pair of gloves (worn)
Jewellery
 f - an uncursed ring of wizardry {unknown}
 j - a +1 ring of evasion {unknown}
Wands
 s - a wand of digging (9)
Scrolls
 c - a scroll of identify {unknown}
 g - 3 scrolls of enchant weapon {unknown}
 k - a scroll of remove curse {unknown}
 m - a scroll of fear {unknown}
 n - a scroll of blinking {unknown}
 o - a scroll of fog {unknown}
 p - a scroll of teleportation {unknown}
Potions
 e - a potion of curing {unknown}
 i - 2 potions of resistance {unknown}
 q - a potion of heal wounds
Comestibles
 d - 9 rations


   Skills:
 + Level 2.2 Fighting
 - Level 1.7 Dodging
 - Level 1.7 Stealth
 + Level 3.7 Spellcasting
 + Level 3.5 Conjurations
 + Level 2.1 Summonings
   Level 0.8 Translocations
 * Level 1.1 Air Magic
 * Level 1.2 Poison Magic


You had 5 spell levels left.
You knew the following spells:

 Your Spells              Type           Power        Failure   Level  Hunger
a - Magic Dart            Conj           ###.         3%          1    None
b - Mephitic Cloud        Conj/Pois/Air  ##......     19%         3    ###....
d - Call Imp              Summ           ##......     9%          2    ##.....

Your spell library contained the following spells:

 Spells                   Type           Power        Failure   Level  Hunger
 Blink                    Tloc           N/A          14%         2    ##.....
 Conjure Flame            Conj/Fire      ##......     19%         3    ###....
 Slow                     Hex            #.......     21%         2    ##.....


Dungeon Overview and Level Annotations

Branches:
Dungeon (4/15)
 Temple: D:4-7

Altars:
Dithmenos
Elyvilon
Nemelex Xobeh
Wu Jian


Innate Abilities, Weirdness & Mutations

You have a pair of small antennae on your head.
You are partially covered in large bone plates. (SH +4)
When hurt, damage is shared between your health and your magic reserves.
You regenerate magic rapidly.


Message History

You hit the orc wizard.
The orc wizard is heavily wounded.
You hit the orc wizard.
The orc wizard is heavily wounded.
The orc wizard seems less confused.
The orc wizard gestures at you while chanting.
The magic dart hits you!
* * * LOW HITPOINT WARNING * * *
You block the orc wizard's attack.
Casting: Magic Dart (safe; 3% risk of failure)
Confirm with . or Enter, or press ? or * to list all spells.
You don't have enough magic to cast that spell.
The orc wizard casts a spell.
The orc wizard seems to speed up.
The orc wizard misses you. The orc wizard hits you with a dagger.
* * * LOW HITPOINT WARNING * * *
The orc wizard hits you but does no damage.
The orc wizard gestures at you while chanting.
The puff of flame hits you!
You die...

..... .... ... .
..########..
#...#.......
#...........
#.>.....!.
##.@[.[##...
...###..oo.......
#................
##.......########
##.....## #....##
#..(. #.....
#.....


You could see 2 orc wizards.

Vanquished Creatures
  A jelly (D:3)
  Terence (D:2)
  2 orc wizards
  2 adders
  A worm (D:2)
  3 dart slugs
  2 leopard geckos
  4 orcs
  9 bats
  A giant cockroach (D:3)
  9 goblins
  10 hobgoblins
  9 jackals (D:1)
  11 kobolds
  5 frilled lizards
  7 rats
77 creatures vanquished.

Vanquished Creatures (collateral kills)
  An orc priest (D:2)
  An orc (D:2)
  A kobold (D:2)
3 creatures vanquished.

Grand Total: 80 creatures vanquished

Notes
Turn   | Place    | Note
-------+----------+-------------------------------------------
     0 | D:1      | Knicklaso the Demonspawn Wizard began the quest for the
                  | Orb.
     0 | D:1      | Reached XP level 1. HP: 13/13 MP: 4/4
     1 | D:1      | Noticed an electric eel
   381 | D:1      | Gained mutation: When hurt, damage is shared between your
                  | health and your magic reserves. [demonic ancestry]
   381 | D:1      | Reached XP level 2. HP: 17/20 MP: 0/6
   444 | D:1      | Learned a level 2 spell: Call Imp
   875 | D:1      | Reached skill level 1 in Fighting
  1113 | D:1      | Gained mutation: You have a pair of small antennae on your
                  | head. [demonic ancestry]
  1113 | D:1      | Reached XP level 3. HP: 26/26 MP: 2/7
  1118 | D:1      | Learned a level 3 spell: Mephitic Cloud
  1681 | D:2      | Found a shadowy altar of Dithmenos.
  1696 | D:2      | Noticed Terence
  2199 | D:2      | Became a worshipper of Dithmenos the Shadowed
  2801 | D:2      | Killed Terence
  2801 | D:2      | Gained mutation: You regenerate magic rapidly. [demonic
                  | ancestry]
  2801 | D:2      | Reached XP level 4. HP: 32/32 MP: 0/9
  3368 | D:2      | Gained mutation: You are partially covered in large bone
                  | plates. (SH +4) [demonic ancestry]
  3368 | D:2      | Reached XP level 5. HP: 14/38 MP: 2/10
  3847 | D:3      | Found an ornate altar of the Wu Jian Council.
  4051 | D:3      | Reached * piety under Dithmenos
  4134 | D:3      | Reached skill level 1 in Poison Magic
  4446 | D:3      | Found a sparkling altar of Nemelex Xobeh.
  4447 | D:3      | Found a white marble altar of Elyvilon.
  4472 | D:4      | Reached skill level 1 in Air Magic
  4670 | D:4      | Killed from afar by an orc wizard

Skill      XL: |  1  2  3  4  5 |
---------------+----------------+-----
Fighting       | 1 2 |  2.2
Conjurations   | 2 3 |  3.5
Summonings     | 2 |  2.1
Poison Magic   | 1 |  1.2
Air Magic      | 1 |  1.1
Dodging        | |  1.7
Stealth        | |  1.7
Spellcasting   | |  3.7
Translocations | |  0.8

Action                   |  1- 3 |  4- 6 || total
-------------------------+-------+-------++-------
Melee: Unarmed           |     4 |       ||     4
       Dagger            |    24 |       ||    24
       Spear             |    26 |    30 ||    56
       Short sword       |       |    38 ||    38
 Cast: Magic Dart        |   138 |    50 ||   188
       Mephitic Cloud    |     2 |     5 ||     7
       Call Imp          |     1 |     4 ||     5
 Stab: Confused          |     2 |     4 ||     6
       Distracted        |       |     1 ||     1
       Sleeping          |       |     1 ||     1
  Eat: Chunk             |     5 |     5 ||    10
       Ration            |       |     1 ||     1
Armor: Robe              |     9 |     8 ||    17
Dodge: Dodged            |    59 |    48 ||   107
Block: Other             |       |     7 ||     7
